 Dungeon Crawl Stone Soup version 0.27-a0-1219-g958d993ae5 (webtiles) character file.

Game seed: 13422166141969217137

49 polve the Skirmisher (level 4, -4/43 HPs)
             Began as a Kobold Berserker on June 6, 2021.
             Was a Follower of Trog.
             Slain by a troll (12 damage)
             ... on level 6 of the Dungeon.
             The game lasted 00:01:22 (1738 turns).

polve the Skirmisher (Kobold Berserker)             Turns: 1738, Time: 00:01:23

Health: -4/43      AC:  7    Str: 15    XL:     4   Next: 1%
Magic:  4/4        EV: 12    Int:  8    God:    Trog [*.....]
Gold:   80         SH:  0    Dex: 14    Spells: 3/3 levels left

rFire    . . .     SeeInvis .   a - +0 short sword
rCold    . . .     Faith    .   (shield restricted)
rNeg     . . .     Spirit   .   d - +0 scale mail
rPois    .         Reflect  .   (no helmet)
rElec    .         Harm     .   (no cloak)
rCorr    .         Rampage  .   (no gloves)
Will     +....                  g - +0 pair of boots
Stlth    ..........             (no amulet)
HPRegen  0.14/turn              c - ring of willpower
MPRegen  0.09/turn              (no ring)

@: berserking (expiring), very quick
A: small, no large weapons, nightstalker 3
a: Renounce Religion, Berserk


You were on level 6 of the Dungeon.
You worshipped Trog.
Trog was aware of your devotion.
You visited 1 branch of the dungeon, and saw 4 of its levels.

You collected 80 gold pieces.

Inventory:

Hand Weapons
 a - a +0 short sword (weapon)
Armour
 b - a +0 animal skin
 d - a +0 scale mail (worn)
 g - a +0 pair of boots (worn)
Jewellery
 c - a ring of willpower (left hand)
Scrolls
 f - a scroll of enchant armour {unknown}
 h - a scroll of enchant weapon {unknown}
 i - a scroll of amnesia {unknown}
 j - a scroll of teleportation {unknown}
 k - a scroll of fog {unknown}
Potions
 e - 2 potions of lignification {unknown}
 l - a potion of curing {unknown}


   Skills:
 * Level 4.2 Fighting
 - Level 4.0 Short Blades
 + Level 2.1 Armour
 + Level 3.1 Dodging


You had 3 spell levels left.
You didn't know any spells.
Your spell library was empty.

Dungeon Overview and Level Annotations

Branches:
Dungeon (3/15)

Altars:


Innate Abilities, Weirdness & Mutations

You are small and have problems with some larger weapons.
You are completely attuned to the shadows.


Message History

No target in view!
No target in view!
No target in view!
No target in view!
No target in view!
No target in view!
No target in view!
No target in view!
No target in view!
No target in view!
A troll comes into view.
The troll shouts!
A troll is nearby!
A troll is nearby!
You see here 9 gold pieces.
You see here a +0 scale mail.
A red film seems to cover your vision as you go berserk!
You feel yourself moving faster!
You feel mighty!
You closely miss the troll. The troll bites you! The troll misses you.
The troll claws you!
You puncture the troll!
The troll is moderately wounded.
The troll completely misses you. The troll claws you but does no damage.
The troll misses you.
You puncture the troll!
The troll is heavily wounded.
You hit the troll.
The troll is heavily wounded.
The troll bites you but does no damage. The troll claws you but does no damage.
The troll claws you!
You barely miss the troll.
The troll is heavily wounded.
You puncture the troll!
The troll is severely wounded.
The troll closely misses you. The troll barely misses you. The troll claws you.
* * * LOW HITPOINT WARNING * * *
You barely miss the troll.
The troll is severely wounded.
The troll bites you!
You die...

#.# #># #.#
.. #.# ...
#.# ..# #.#
#.## #.#
.##$#####.#
.......T@..#
#.##.#######
# #.## .(#
.#


You could see a troll.

Vanquished Creatures
  An adder (D:6)
  A dart slug (D:1)
  2 bats
  3 endoplasms
  A giant cockroach (D:2)
  7 goblins (D:1)
  3 hobgoblins (D:1)
  7 jackals (D:1)
  3 kobolds
  A ball python (D:2)
  A frilled lizard (D:1)
  A rat (D:1)
31 creatures vanquished.

Vanquished Creatures (others)
  2 plants (D:1)
  5 toadstools (D:1)
7 creatures vanquished.

Grand Total: 38 creatures vanquished

Notes
Turn   | Place    | Note
-------+----------+-------------------------------------------
     0 | D:1      | polve the Kobold Berserker began the quest for the Orb.
     0 | D:1      | Reached XP level 1. HP: 14/14 MP: 1/1
    49 | D:1      | Reached XP level 2. HP: 14/19 MP: 2/2
   532 | D:1      | Reached XP level 3. HP: 23/24 MP: 3/3
  1260 | D:2      | Found a faded altar of an unknown god.
  1505 | D:3      | You fall into a shaft and drop 3 floors!
  1532 | D:6      | Reached XP level 4. HP: 14/29 MP: 4/4
  1725 | D:6      | Noticed a troll
  1738 | D:6      | Slain by a troll

Illustrated notes

Levels and vault maps discovered:
D:1:      ldierk_walled_garden, layout_loops_ring
D:2:      layout_rooms, hellmonk_ecumenical_altar_pennies_from_heaven
D:3:      layout_loops_corners, lemuel_crystal_altar, eino_tiny_chamber,
          uniq_ijyb
D:6:      layout_loops_ring, chequers_serial_rivers_small_a

Skill      XL: |  1  2  3 |
---------------+----------+-----
Fighting       | 4 |  4.2
Armour         | 2 |  2.1
Dodging        | 3 |  3.1
Short Blades   | |  4.0

Action                   |  1- 3 |  4- 6 || total
-------------------------+-------+-------++-------
Melee: Short sword       |   113 |     7 ||   120
Invok: Berserk           |       |     1 ||     1
 Stab: Sleeping          |     4 |       ||     4
Armor: Scale mail        |    44 |     3 ||    47
       Animal skin       |     1 |       ||     1
Dodge: Dodged            |    65 |     5 ||    70

Table legend: (Time is in decaauts)
 A = Elapsed time spent in this place.
 B = Non-inter-level travel time spent in this place.
 C = Inter-level travel time spent in this place.
 D = Time resting spent in this place.
 E = Time spent auto-exploring this place.
 F = Levels seen in this place.
 G = Mean time per level.
                   A        B        C        D        E       F      G
               +--------+--------+--------+--------+--------+-----+--------+
         Total |   1723 |   1689 |     34 |      0 |   1451 |   4 |  430.8 |
       Dungeon |   1723 |   1689 |     34 |      0 |   1451 |   4 |  430.8 |
               +--------+--------+--------+--------+--------+-----+--------+

Top non-repeatable levels by time:
     D:1: 1049 daAuts
     D:2: 428 daAuts
     D:6: 229 daAuts
     D:3: 15 daAuts
